 Dungeon Crawl Stone Soup version 0.30.0-13-g156ef70053 (webtiles) character file.

Game seed: 16666457009732642449

756 jasper the Conjurer (level 7, 0/34 HPs)
             Began as a Vine Stalker Conjurer on May 17, 2023.
             Was a Priest of Vehumet.
             Slain by a centaur (3 damage)
             ... on level 6 of the Dungeon.
             The game lasted 00:06:22 (4098 turns).

jasper the Conjurer (Vine Stalker Conjurer)         Turns: 4098, Time: 00:06:22

Health: 0/34       AC:  3    Str:  9    XL:     7   Next: 79%
Magic:  0/16       EV: 12    Int: 20    God:    Vehumet [***...]
Gold:   132        SH:  0    Dex: 13    Spells: 2/17 levels left

rFire   . . .        l - +0 dagger (freeze)
rCold   + . .        (no shield)
rNeg    . . .        a - +0 robe
rPois   .            (no helmet)
rElec   .            (no cloak)
rCorr   .            k - +0 pair of gloves
SInv    .            (no boots)
Will    +....        q - amulet of magic regeneration
Stlth   ++           n - ring of willpower
HPRegen 1.05/turn    y - ring of protection from cold
MPRegen 0.55/turn

%: guardian spirit
@: no status effects
A: fangs 2, regeneration 1, magic shield, antimagic bite, no potion heal 2
a: Renounce Religion


You were on level 6 of the Dungeon.
You worshipped Vehumet.
Vehumet was most pleased with you.
You visited 1 branch of the dungeon, and saw 6 of its levels.

You collected 407 gold pieces.
You spent 275 gold pieces at shops.

Inventory:

Hand Weapons
 l - a +0 dagger of freezing (weapon)
Missiles
 d - 5 boomerangs
 i - 3 throwing nets
Armour
 a - a +0 robe (worn)
 k - a +0 pair of gloves (worn)
Jewellery
 j - a ring of fire
 n - a ring of willpower (left hand)
 q - an amulet of magic regeneration (around neck)
 x - a ring of fire
 y - a ring of protection from cold (right hand)
Wands
 t - a wand of digging (4)
Scrolls
 o - a scroll of identify
 p - a scroll of silence
 v - a scroll of teleportation
 w - a scroll of vulnerability
Potions
 b - a potion of berserk rage {unknown}
 c - a potion of resistance
 e - a potion of flight
 f - 2 potions of heal wounds
 g - 2 potions of mutation
 h - 2 potions of curing {unknown}
 m - 5 potions of haste {unknown}
 r - 2 potions of lignification {unknown}
 s - a potion of ambrosia {unknown}
 u - a potion of cancellation {unknown}


   Skills:
 + Level 1.7 Fighting
 + Level 2.3 Dodging
 - Level 2.4 Stealth
 + Level 5.5 Spellcasting
 * Level 6.9 Conjurations
 + Level 1.0 Poison Magic


You had 2 spell levels left.
You knew the following spells:

 Your Spells              Type           Power      Damage    Failure   Level
a - Magic Dart            Conj           100%       1d8       1%          1
b - Searing Ray           Conj           66%        2d6       1%          2
c - Fulminant Prism       Conj/Hex       9%         3d6       7%          4
d - Iskenderun's Mystic   Conj/Tloc      19%        2d6       7%          4
e - Olgreb's Toxic Radia  Pois           9%         N/A       19%         4

Your spell library contained the following spells:

 Spells                   Type           Power      Damage    Failure   Level
 Freeze                   Ice            20%        1d4       3%          1
 Dazzling Flash           Conj/Hex       38%        N/A       2%          3
 Hailstorm                Conj/Ice       19%        3d6       2%          3
 Frozen Ramparts          Ice            10%        1d2       9%          3
 Ice Form                 Ice/Tmut       5%         N/A       73%         4
 Alistair's Intoxication  Tmut/Pois      4%         N/A       94%         5
 Eringya's Noxious Bog    Tmut/Pois      3%         N/A       96%         6
 Borgnjor's Vile Clutch   Necr/Erth      2%         N/A       97%         5
 Simulacrum               Ice/Necr       2%         N/A       100%        6


Dungeon Overview and Level Annotations

Branches:
Dungeon (6/15)
 Temple: D:4-7

Altars:
Ashenzari
Fedhas
Hepliaklqana
Okawaru
Vehumet
Wu Jian
Yredelemnul

Shops:
D:5 *   D:6 =

Annotations:
D:5 Duvessa


Innate Abilities, Weirdness & Mutations

You have extremely sharp teeth.
Your natural rate of healing is unusually fast.
When hurt, damage is shared between your health and your magic reserves.
Your bite disrupts and absorbs the magic of your enemies.
Potions cannot restore your health.


Message History

Aim: a scorpion (81% to hit)
The searing ray hits the scorpion.
The scorpion is moderately wounded. (Press . to maintain the ray.)
The scorpion stings you.
You take 1 damage, and have 32/33 hp.
You now have 13/16 mp.
The searing ray hits the scorpion!
The scorpion is severely wounded.
The scorpion stings you.
You now have 12/16 mp.
The searing ray hits the scorpion.
The scorpion is almost dead.
The scorpion stings you.
You take 1 damage, and have 31/33 hp.
You now have 11/16 mp.
The searing ray hits the scorpion.
You kill the scorpion!
Vehumet accepts your kill.
You finish channelling your searing ray.
Your Poison Magic skill increases to level 1!
You regained 2 hp, and now have 33/34 hp.
You see here a scorpion corpse.
A centaur comes into view.
The centaur wields a +0 shortbow.
The centaur shoots an arrow.
The arrow hits you!
The centaur shoots an arrow.
The arrow hits you!
You take 10 damage, and have 23/34 hp.
MASSIVE DAMAGE!!
You are too injured to fight recklessly!
The centaur shoots an arrow.
The arrow hits you!
You take 8 damage, and have 15/34 hp.
MASSIVE DAMAGE!!
You now have 8/16 mp.
The centaur shoots an arrow.
The arrow hits you!
* * * LOW HITPOINT WARNING * * *
You take 6 damage, and have 9/34 hp.
You now have 5/16 mp.
The centaur shoots an arrow.
The arrow barely misses you.
The centaur shoots an arrow.
The arrow hits you!
* * * LOW HITPOINT WARNING * * *
The centaur shoots an arrow.
The arrow hits you!
* * * LOW HITPOINT WARNING * * *
You take 9 damage, and have 1/34 hp.
MASSIVE DAMAGE!!
You now have 0/16 mp.
Okay, then.
The centaur unwields a +0 shortbow.
The centaur hits you.
You die...

.#......<.#........#.#
.#############.#.#.#.#
.#.............#.#.#.#
.#.#############.#.#.#
.#.# #.#.#.# .#.#
#.#...# ##.# #.#....
##.# #.#.# ...# #@#..
#### #..c....#
###.......# ###.#.###
## #


You could see a centaur.

Vanquished Creatures
  An ogre (D:4)
  A phantom (D:6)
  3 scorpions
  Dowan (D:5)
  A hound (D:5)
  A gnoll bouda (D:4)
  A sleepcap (D:4)
  2 iguanas (D:5)
  2 orc wizards
  3 gnolls (D:4)
  6 adders
  2 worms
  3 dart slugs
  11 orcs
  10 endoplasms
  3 giant cockroaches
  7 goblins
  6 hobgoblins
  2 jackals (D:3)
  6 quokkas
  7 ball pythons
  4 bats
  3 frilled lizards
  6 kobolds
  6 rats
  A spectral orc (D:4)
99 creatures vanquished.

Vanquished Creatures (others)
  2 fulminant prisms
2 creatures vanquished.

Grand Total: 101 creatures vanquished

Notes
Turn   | Place    | Note
-------+----------+-------------------------------------------
     0 | D:1      | jasper the Vine Stalker Conjurer began the quest for the
                  | Orb.
     0 | D:1      | Reached XP level 1. HP: 9/9 MP: 4/4
   426 | D:1      | Reached XP level 2. HP: 13/13 MP: 3/6
   461 | D:1      | Learned a level 2 spell: Searing Ray
   462 | D:1      | Found a faded altar of an unknown god.
   503 | D:1      | Prayed at the altar of an unknown god.
   503 | D:1      | Became a worshipper of Vehumet
   503 | D:1      | Reached * piety under Vehumet
   503 | D:1      | Offered knowledge of Shock by Vehumet.
  1173 | D:2      | Reached XP level 3. HP: 16/16 MP: 5/8
  1884 | D:2      | Offered knowledge of Static Discharge by Vehumet.
  2202 | D:3      | Reached ** piety under Vehumet
  2206 | D:3      | Gained mutation: Your natural rate of healing is unusually
                  | fast. [Vine Stalker growth]
  2206 | D:3      | Reached XP level 4. HP: 21/21 MP: 5/10
  2256 | D:3      | Reached skill level 5 in Conjurations
  2383 | D:3      | Reached XP level 5. HP: 24/24 MP: 7/11
  2451 | D:3      | Found an ornate altar of the Wu Jian Council.
  2824 | D:4      | Found an iron altar of Okawaru.
  2856 | D:4      | Offered knowledge of Scorch by Vehumet.
  2879 | D:4      | Learned a level 4 spell: Fulminant Prism
  2884 | D:4      | Learned a level 4 spell: Iskenderun's Mystic Blast
  2969 | D:4      | Found a blossoming altar of Fedhas.
  3007 | D:4      | Reached XP level 6. HP: 28/28 MP: 10/13
  3008 | D:4      | Reached *** piety under Vehumet
  3030 | D:4      | Reached skill level 6 in Conjurations
  3043 | D:4      | Reached skill level 5 in Spellcasting
  3168 | D:4      | Found a basalt altar of Yredelemnul.
  3471 | D:5      | Entered Level 5 of the Dungeon
  3471 | D:5      | Noticed Duvessa
  3471 | D:5      | Noticed Dowan
  3475 | D:5      | Killed Dowan
  3508 | D:5      | Reached XP level 7. HP: 32/32 MP: 13/15
  3525 | D:5      | Reached skill level 1 in Fighting
  3536 | D:5      | Offered knowledge of Olgreb's Toxic Radiance by Vehumet.
  3546 | D:5      | Learned a level 4 spell: Olgreb's Toxic Radiance
  3591 | D:5      | Found a hazy altar of Hepliaklqana.
  3628 | D:5      | Found a broken altar of Ashenzari.
  3791 | D:5      | Found Coeje's Mass Market.
  3849 | D:6      | Found Buaskan's Jewellery Emporium.
  3858 | D:6      | Bought a ring of protection from cold for 275 gold pieces
  4038 | D:6      | Reached skill level 1 in Poison Magic
  4097 | D:6      | HP: 1/34 [centaur/arrow (4)]
  4098 | D:6      | Slain by a centaur

Illustrated notes

Levels and vault maps discovered:
D:1:      minmay_arrival_hallway, layout_loops_ring,
          dreamdust_ecumenical_altar_statues
D:2:      minmay_spotlight, layout_loops_corners, minmay_crystal_room,
          minmay_misc_feat_hallway, grunt_ministairs_4, minivault_19,
          minmay_misc_feat_secret_circle
D:3:      layout_rooms, amcnicky_altar_gilded
D:4:      layout_rooms, mainiacjoe_overflow_six_doors_small, marbit_many_paths,
          yredelemnul_forgotten_temple_becter
D:5:      layout_cave_pools, lemuel_round_altar, ashenzari_conservatory_becter,
          nicolae_elyvilon_temple_path, minmay_shop_mass, uniq_duvessa
D:6:      layout_basic, minmay_temple_entry_statues_pillars, serial_shops,
          nicolae_stop_n_shop_1, lightli_corner_chamber

Skill      XL: |  1  2  3  4  5  6  7 |
---------------+----------------------+-----
Spellcasting   | 3 4 5 |  5.5
Conjurations   | 5 6 |  6.9
Fighting       | 1 |  1.7
Dodging        | 2 |  2.3
Poison Magic   | 1 |  1.0
Stealth        | |  2.4

Action                     |  1- 3 |  4- 6 |  7- 9 || total
---------------------------+-------+-------+-------++-------
  Melee: Dagger            |     1 |     2 |       ||     3
         Bite              |     1 |     1 |       ||     2
   Cast: Magic Dart        |    60 |    60 |    12 ||   132
         Searing Ray       |     7 |    16 |    10 ||    33
         Fulminant Prism   |       |     2 |       ||     2
         Iskenderun's Myst |       |     1 |     1 ||     2
    Use: Scroll            |       |     9 |       ||     9
         Potion            |       |     1 |       ||     1
 Armour: Robe              |     1 |     2 |     1 ||     4
  Dodge: Dodged            |     7 |     7 |     9 ||    23
